 Dungeon Crawl Stone Soup version 0.30.0-19-g36f170ea60 (webtiles) character file.

Game seed: 10134527983210591257

3190 olmar the Basher (level 9, -1/82 HPs)
             Began as a Naga Fighter on May 28, 2023.
             Was an Initiate of Gozag.
             Slain by an orc warrior
             ... wielding a +0 scimitar
              (15 damage)
             ... on level 8 of the Dungeon.
             The game lasted 00:12:09 (8747 turns).

olmar the Basher (Naga Fighter)                     Turns: 8747, Time: 00:12:09

Health: -1/82      AC:  9    Str: 23    XL:     9   Next: 96%
Magic:  9/9        EV:  7    Int:  8    God:    Gozag
Gold:   626        SH:  5    Dex: 11    Spells: 8/8 levels left

rFire   . . .        y - +3 flail
rCold   . . .        c - +0 buckler
rNeg    + . .        b - +0 scale mail
rPois   +            m - +0 helmet
rElec   .            (no cloak)
rCorr   .            (no gloves)
SInv    +            (no barding)
Will    ++...        (no amulet) Stlth
                     t - ring of positive energy
HPRegen 0.33/turn    w - ring of willpower
MPRegen 0.11/turn

%: no passive effects
@: short of breath, gold aura, very slow
A: AC +3, large, see invisible, deformed body, poison resistance, slowness 2,
spit poison 1, naga tail 1
a: Spit Poison, Renounce Religion, Potion Petition, Call Merchant, Bribe Branch


You were on level 8 of the Dungeon.
You worshipped Gozag.
Gozag was pleased with you.
You visited 1 branch of the dungeon, and saw 8 of its levels.
You also visited: Ossuary.

You collected 1027 gold pieces.
You spent 336 gold pieces at shops.
You paid 65 gold pieces to Gozag.

Inventory:

Hand Weapons
 a - a +0 flail
 y - a +3 flail (weapon)
 B - a +2 whip of flaming
Missiles
 s - 2 throwing nets
Armour
 b - a +0 scale mail (worn)
 c - a +0 buckler (worn)
 m - a +0 helmet (worn)
Jewellery
 g - a ring of fire
 p - an amulet of faith
 t - a ring of positive energy (left hand)
 w - a ring of willpower (right hand)
Wands
 e - a wand of mindburst (5)
 h - a wand of paralysis (6)
 I - a wand of polymorph (4)
 K - a wand of acid (4)
Scrolls
 i - a scroll of amnesia {unknown}
 j - a scroll of vulnerability
 l - 3 scrolls of poison
 z - 2 scrolls of immolation
 A - 3 scrolls of enchant armour
 C - a scroll of enchant weapon {unknown}
 D - a scroll of silence {unknown}
 E - 2 scrolls of noise
 F - a scroll of torment
 G - 4 scrolls of teleportation
 H - 3 scrolls of blinking {unknown}
 J - a scroll of magic mapping
Potions
 d - a potion of might
 f - 6 potions of curing
 k - a potion of cancellation
 n - a potion of mutation
 o - 5 potions of flight
 q - a potion of lignification
 u - a potion of attraction {unknown}
 v - a potion of magic {unknown}
 x - 2 potions of resistance {unknown}


   Skills:
 + Level 6.3 Fighting
 + Level 9.2 Maces & Flails
 + Level 6.5 Armour
 - Level 0.2 Dodging
 - Level 0.1 Stealth
 + Level 4.7 Shields
 + Level 1.6 Evocations


You had 8 spell levels left.
You didn't know any spells.
Your spell library contained the following spells:

 Spells                   Type           Power      Damage    Failure   Level
 Freeze                   Ice            0%         1d3       77%         1
 Magic Dart               Conj           0%         1d3       77%         1
 Sandblast                Erth           0%         2d4       77%         1
 Lesser Beckoning         Tloc           0%         N/A       88%         2
 Passwall                 Tmut/Erth      0%         N/A       88%         2
 Searing Ray              Conj           0%         2d4       88%         2
 Sublimation of Blood     Necr           0%         N/A       88%         2
 Wereblood                Tmut           0%         N/A       88%         2
 Frozen Ramparts          Ice            0%         1d1       98%         3
 Gell's Gravitas          Tloc           0%         N/A       98%         3
 Hailstorm                Conj/Ice       0%         3d3       98%         3
 Portal Projectile        Hex/Tloc       0%         N/A       98%         3
 Stone Arrow              Conj/Erth      0%         3d7       98%         3
 Teleport Other           Tloc           0%         N/A       98%         3
 Tukima's Dance           Hex            0%         N/A       98%         3
 Fulminant Prism          Conj/Hex       0%         3d5       100%        4
 Blade Hands              Tmut           0%         N/A       100%        5
 Summon Hydra             Summ           0%         N/A       100%        7


Dungeon Overview and Level Annotations

Branches:
Dungeon (8/15)             Temple (0/1) D:6         Ossuary (visited)
   Lair: D:8-11

Altars:
Elyvilon
Gozag
Makhleb
Qazlal
Vehumet
Zin
The Shining One

Shops:
D:1 :   D:6 ?

Annotations:
D:4 3 runed translucent doors, Lance11888's ghost, amateur AtHs


Innate Abilities, Weirdness & Mutations

Your serpentine skin is tough. (AC +3)
You have supernaturally acute eyesight. (SInv)
Armour fits poorly on your strangely shaped body.
Your system is resistant to poisons. (rPois)
You cover ground very slowly.
You can spit poison.
You have a snake-like lower body.


Message History

The orc wizard hits you with a +0 dagger.
The orc warrior hits you with a +0 scimitar!
* * * LOW HITPOINT WARNING * * *
Unknown command.
You hit the orc wizard but do no damage.
The orc wizard is almost dead.
You block the orc warrior's attack.
The orc wizard hits you but does no damage.
Unknown command.
You sock the orc wizard!
You kill the orc wizard!
The orc warrior hits you with a +0 scimitar.
* * * LOW HITPOINT WARNING * * *
Unknown command.
You feel better. You block the orc warrior's attack.
Aiming: Spit Poison (1% risk of failure)
Press: ? - help, Shift-Dir - straight line, f - orc warrior
Aim: an orc warrior, wielding a +0 scimitar and wearing a +0 plate armour (64% to hit)
The splash of poison hits the orc warrior!
The orc warrior is poisoned.
The orc warrior is moderately wounded.
The orc warrior hits you with a +0 scimitar!
* * * LOW HITPOINT WARNING * * *
You closely miss the orc warrior.
The orc warrior is moderately wounded.
Unknown command.
You sock the orc warrior!
The orc warrior is severely wounded.
You block the orc warrior's attack.
Unknown command.
You sock the orc warrior!
The orc warrior is almost dead.
The orc warrior hits you with a +0 scimitar.
* * * LOW HITPOINT WARNING * * *
Unknown command.
You closely miss the orc warrior.
The orc warrior is almost dead.
The orc warrior hits you with a +0 scimitar!
You die...
Your body crumbles into a pile of gold.

.## ##..## ....#....... .#
##..##...........# .#
##..#...........# . ##
#.#...(........##+##.. #
##.##....##....##....#. ###..#
...####.8##8...8..
#...###+##.##.###.......#
###..##........$$..$.......
##....##...@$....$..........
#..##.##8..o.....8#.........
#.###..###.#.######.8.....8#
..####.#
#.#..#.###.....##.....##
.......####..............##...##
.##.....#####..####.####.# 8.8#
#...#....#...#......##.# #+##
#.8.####...............# #...#
##.#...........##


You could see an orc warrior (poisoned).

Vanquished Creatures
  Pikel (D:5)
  Sigmund (D:5)
  A steam dragon (D:6)
  A water moccasin (D:7)
  An orc warrior (D:6)
  A sky beast (D:7)
  A black bear (D:7)
  An ogre (D:4)
  A centaur (D:7)
  3 lemures (D:5)
  A kobold brigand (D:6)
  A phantom (D:6)
  Blork the orc (D:4)
  3 scorpions
  7 wights
  A jelly (D:6)
  2 howler monkeys
  A crimson imp (D:5)
  A human zombie (Ossuary)
  4 orc priests
  A hound (D:4)
  A gnoll bouda (D:6)
  A sleepcap (D:7)
  Jessica (D:3)
  Ijyb (D:4)
  3 iguanas
  10 orc wizards
  4 mummies (Ossuary)
  A hound zombie (Ossuary)
  7 adders
  7 gnolls
  A shadow imp (D:6)
  3 white imps
  2 ufetubi
  An adder zombie (Ossuary)
  2 worms (D:2)
  5 dart slugs
  27 orcs
  8 ball pythons
  8 endoplasms
  4 giant cockroaches
  3 hobgoblins
  8 jackals
  11 kobolds
  8 quokkas
  6 bats
  4 frilled lizards
  2 gnoll zombies (Ossuary)
  12 goblins
  2 hobgoblin zombies (Ossuary)
  A kobold zombie (Ossuary)
  A quokka zombie (D:7)
  6 rats
  5 rat zombies
201 creatures vanquished.

Vanquished Creatures (others)
  A hobgoblin (D:4)
1 creature vanquished.

Grand Total: 202 creatures vanquished

Notes
Turn   | Place    | Note
-------+----------+-------------------------------------------
     0 | D:1      | olmar the Naga Fighter began the quest for the Orb.
     0 | D:1      | Reached XP level 1. HP: 21/21 MP: 1/1
   118 | D:1      | Reached XP level 2. HP: 5/28 MP: 2/2
   385 | D:1      | Found Futterr's Book Emporium.
   453 | D:1      | Reached XP level 3. HP: 33/34 MP: 3/3
  1416 | D:2      | Reached XP level 4. HP: 36/42 MP: 4/4
  1958 | D:3      | Noticed Jessica
  2314 | D:3      | Killed Jessica
  2315 | D:3      | Reached skill level 3 in Maces & Flails
  2315 | D:3      | Reached XP level 5. HP: 36/49 MP: 5/5
  3004 | D:3      | Found a white marble altar of Elyvilon.
  3004 | D:3      | Found a glowing silver altar of Zin.
  3005 | D:3      | Found a glowing golden altar of the Shining One.
  3144 | D:4      | Noticed an ogre
  3150 | D:4      | HP: 2/50 [ogre/+0 giant club (1)]
  3151 | D:4      | Killed an ogre
  3152 | D:4      | Reached skill level 4 in Maces & Flails
  3152 | D:4      | Reached XP level 6. HP: 3/57 MP: 6/6
  3353 | D:4      | Noticed Ijyb
  3366 | D:4      | Killed Ijyb
  3632 | D:4      | Found a stormy altar of Qazlal.
  3648 | D:4      | Noticed Blork the orc
  3661 | D:4      | Killed Blork the orc
  3662 | D:4      | Reached XP level 7. HP: 53/64 MP: 7/7
  3803 | D:4      | Found an opulent altar of Gozag.
  3926 | D:4      | Found a runed translucent gate.
  3926 | D:4      | Found a runed translucent gate.
  3926 | D:4      | Found a runed translucent gate.
  3926 | D:4      | Noticed Lance11888's ghost (amateur AtHs)
  3993 | D:4      | Became a worshipper of Gozag Ym Sagoz the Greedy
  4146 | D:5      | Entered Level 5 of the Dungeon
  4153 | D:5      | Reached skill level 5 in Maces & Flails
  4206 | D:5      | Found a burning altar of Makhleb.
  4258 | D:5      | Noticed Pikel
  4732 | D:5      | Noticed Sigmund
  4739 | D:5      | Killed Sigmund
  4887 | D:5      | Reached skill level 6 in Maces & Flails
  4887 | D:5      | Reached XP level 8. HP: 73/73 MP: 8/8
  5216 | D:5      | Killed Pikel
  5217 | D:5      | Reached skill level 5 in Fighting
  5217 | D:5      | Reached skill level 7 in Maces & Flails
  5217 | D:5      | Reached skill level 5 in Armour
  5217 | D:5      | Reached skill level 1 in Evocations
  5282 | D:5      | Found a radiant altar of Vehumet.
  5735 | D:6      | Reached XP level 9. HP: 39/81 MP: 9/9
  6402 | D:6      | Found Zycelud's Magic Scroll Shop.
  6412 | D:6      | Bought 2 scrolls of noise for 24 gold pieces
  6412 | D:6      | Bought a scroll of immolation for 48 gold pieces
  6412 | D:6      | Bought a scroll of enchant armour for 90 gold pieces
  6412 | D:6      | Bought a scroll of torment for 114 gold pieces
  6412 | D:6      | Bought a scroll of identify for 24 gold pieces
  6412 | D:6      | Bought a scroll of teleportation for 36 gold pieces
  6454 | D:6      | Reached skill level 8 in Maces & Flails
  6529 | D:6      | Found a staircase to the Ecumenical Temple.
  6916 | D:7      | Found a sand-covered staircase.
  6923 | Ossuary  | Entered an ossuary
  7606 | D:7      | HP: 3/82 [water moccasin (5)]
  8716 | D:8      | Reached skill level 9 in Maces & Flails
  8747 | D:8      | Slain by an orc warrior

Illustrated notes

Levels and vault maps discovered:
D:1:      lemuel_arrival_lava_pool, layout_loops_ring, serial_shops,
          nicolae_shop_trees, roderic_lattice_a
D:2:      layout_basic, minmay_mini_jars
D:3:      layout_basic, good_gods_temple_1, uniq_jessica
D:4:      nicolae_cairo_tiling_very_big, layout_cave_pools,
          lemuel_coloured_pillars_altar, nicolae_qazlal_general_emergency,
          gammafunk_ghost_nasty_kobolds, grunt_decor_cap, uniq_ijyb,
          uniq_blork_the_orc
D:5:      layout_gridville, nicolae_overflow_hidden_temple,
          kennysheep_mini_moat, minmay_fire_ice_demons, uniq_sigmund, uniq_pikel
D:6:      layout_loops_ring, temple_green, serial_shops, shop, glass_columns_c
D:7:      layout_basic, enter_ossuary_4
D:8:      hellmonk_crumbling_castle, layout_cave_pods, serial_column_ruins,
          column_ruins_hut, column_ruins_columns_plus,
          column_ruins_corridor_corner, column_ruins_grid_3,
          column_ruins_open_medium, column_ruins_columns_straight,
          column_ruins_open_tiny, column_ruins_open_tiny

Skill      XL: |  1  2  3  4  5  6  7  8  9 |
---------------+----------------------------+-----
Armour         | 3 4 5 6 |  6.5
Shields        | 3 4 |  4.7
Maces & Flails | 3 4 6 7 9 |  9.2
Fighting       | 4 5 6 |  6.3
Evocations     | 1 |  1.6
Dodging        | |  0.2
Stealth        | |  0.1

Action                     |  1- 3 |  4- 6 |  7- 9 || total
---------------------------+-------+-------+-------++-------
  Melee: Flail             |   127 |   190 |   404 ||   721
Ability: Spit Poison       |    14 |    24 |    35 ||    73
  Evoke: Wand              |       |       |    11 ||    11
    Use: Scroll            |       |     5 |     6 ||    11
         Potion            |       |     1 |     7 ||     8
   Stab: Paralysed         |       |       |     7 ||     7
 Armour: Scale mail        |    89 |   109 |   236 ||   434
         Skin              |       |       |    32 ||    32
  Dodge: Dodged            |    54 |    73 |   167 ||   294
  Block: Buckler           |    34 |    48 |   106 ||   188
